 Dungeon Crawl Stone Soup version 0.21.1-1-g345015f (webtiles) character file.

4006 nicolaieve the Severer (level 10, -5/117 HPs)
             Began as a Minotaur Berserker on June 12, 2018.
             Was a High Priest of Trog.
             Slain by a ten-headed hydra (8 damage)
             ... on level 8 of the Dungeon.
             The game lasted 00:27:02 (5217 turns).

nicolaieve the Severer (Minotaur Berserker)         Turns: 5217, Time: 00:27:03

Health: -5/117     AC: 10    Str: 29    XL:     10   Next: 3%
Magic:  9/9        EV: 15    Int:  4    God:    Trog [*****.]
Gold:   352        SH:  0    Dex: 11    Spells: 9/9 levels left

rFire    . . .     SeeInvis .   a - +1 hand axe
rCold    . . .     Gourm    .   (no shield)
rNeg     . . .     Faith    .   t - +0 scale mail
rPois    +         Spirit   .   (helmet restricted)
rElec    .         Reflect  .   m - +0 cloak
rCorr    .         Harm     .   (no gloves)
MR       .....                  H - +0 pair of boots
Stlth    ..........             k - amulet of regeneration
HPRegen  0.69/turn              q - +4 ring of evasion
MPRegen  0.11/turn              I - ring of poison resistance

@: berserking, very quick
A: retaliatory headbutt, horns 2
a: Berserk, Trog's Hand, Brothers in Arms, Burn Spellbooks, Renounce Religion


You were on level 8 of the Dungeon.
You worshipped Trog.
Trog was extremely pleased with you.
You were very hungry.

You visited 1 branch of the dungeon, and saw 8 of its levels.
You also visited: Sewer.

You collected 352 gold pieces.

Inventory:

Hand Weapons
 a - a +1 hand axe (weapon)
Missiles
 g - 332 stones (quivered)
Armour
 m - a +0 cloak (worn)
 t - a +0 scale mail (worn)
 v - a +0 troll leather armour {Purgy}
 D - a +0 chain mail
 H - a +0 pair of boots (worn)
Jewellery
 k - an amulet of regeneration (around neck)
 q - a +4 ring of evasion (left hand)
 G - an uncursed ring of protection from cold
 I - a ring of poison resistance (right hand)
Wands
 w - a wand of iceblast (7)
 K - a wand of flame (1)
Scrolls
 b - a scroll of acquirement {unknown}
 e - a scroll of enchant armour {unknown}
 h - 2 scrolls of blinking
 i - 3 scrolls of enchant weapon
 l - 3 scrolls of magic mapping {unknown}
 o - 2 scrolls of immolation {unknown}
 p - 3 scrolls of amnesia {unknown}
 r - a scroll of noise {unknown}
 s - a scroll of silence {unknown}
 y - a scroll of teleportation {unknown}
 z - 3 scrolls of remove curse
 B - 6 scrolls of identify
 E - a scroll of fear {unknown}
 L - a scroll of holy word {unknown}
Potions
 d - 4 potions of flight
 f - 4 potions of haste
 j - 2 potions of curing
 n - a potion of lignification
 u - 2 potions of heal wounds
 x - a potion of ambrosia
 C - 2 potions of brilliance
 J - a potion of cancellation
Books
 A - a book of Necromancy

   Spells                             Type                      Level
   a - Pain                           Necromancy                   1
   b - Animate Skeleton               Necromancy                   1
   c - Vampiric Draining              Necromancy                   3
   d - Regeneration                   Charms/Necromancy            3
   e - Animate Dead                   Necromancy                   4
   f - Borgnjor's Vile Clutch         Necromancy/Earth             5
   Trog disapproves of the use of such an item.
Comestibles
 c - 17 rations
 F - 9 chunks of flesh


   Skills:
 - Level 3.7 Fighting
 + Level 15.3 Axes
 + Level 7.0 Armour
 - Level 2.2 Dodging


You had 9 spell levels left.
You didn't know any spells.

Dungeon Overview and Level Annotations

Branches:
Dungeon (8/15)             Temple (0/1) D:6
   Lair: D:8-11

Altars:
Cheibriados
Elyvilon
Fedhas
Kikubaaqudgha
Nemelex Xobeh
Okawaru
Ru
Uskayaw


Innate Abilities, Weirdness & Mutations

You reflexively headbutt those who attack you in melee.
You have a pair of horns on your head.


Message History

* * * LOW HITPOINT WARNING * * *
The eight-headed hydra bites you!
* * * LOW HITPOINT WARNING * * *
The eight-headed hydra bites you but does no damage.
You slice one of the eight-headed hydra's heads off!
The seven-headed hydra grows two more!
You hit the nine-headed hydra. You headbutt the nine-headed hydra!!
The nine-headed hydra is heavily wounded.
You completely miss the nine-headed hydra.
You headbutt the nine-headed hydra!
The nine-headed hydra is severely wounded.
You chop one of the nine-headed hydra's heads off!
The eight-headed hydra grows two more!
You slash the ten-headed hydra!
The ten-headed hydra is severely wounded.
The ten-headed hydra bites you.
* * * LOW HITPOINT WARNING * * *
The ten-headed hydra bites you!
* * * LOW HITPOINT WARNING * * *
The ten-headed hydra bites you!
You die...

##########
#.KD@....#
#).#.....#
#+###'''##
#.≈P.....#
#P≈≈..P..#
#≈≈P.....#
#P≈)%....#
######
#PP≈.≈.≈(#
#....#
######.####


You could see a ten-headed hydra and a big kobold.

Vanquished Creatures
  Prince Ribbit (D:8)
  2 dream sheep (D:8)
  2 yaks (D:8)
  A hungry ghost (D:7)
  A wyvern (D:8)
  Grum (D:8)
  2 ice beasts
  Purgy (Sewer)
  2 sky beasts (D:7)
  3 wolves (D:8)
  3 ogres
  A crocodile (D:8)
  3 centaurs
  2 big kobolds (D:8)
  2 bullfrogs
  3 scorpions
  A howler monkey (D:4)
  3 crimson imps
  2 hounds
  A bullfrog skeleton (D:6)
  2 orc priests (D:5)
  4 centaur skeletons
  3 iguanas
  2 orc wizards
  Natasha (thrice) (D:2)
  7 worker ants
  2 hound skeletons
  4 gnolls (D:6)
  9 adders
  3 river rats (D:4)
  2 shadow imps
  An adder zombie (D:5)
  2 adder skeletons (D:4)
  2 worms
  2 dart slugs
  6 leopard geckos
  13 orcs
  8 giant cockroaches
  3 goblins
  7 hobgoblins
  10 jackals
  11 kobolds
  A quokka (D:7)
  A ball python (D:4)
  11 bats
  5 frilled lizards
  A quokka skeleton (D:6)
  14 rats
176 creatures vanquished.

Notes
Turn   | Place    | Note
-------+----------+-------------------------------------------
     0 | D:1      | nicolaieve the Minotaur Berserker began the quest for the Orb.
     0 | D:1      | Reached XP level 1. HP: 19/19 MP: 0/0
    40 | D:1      | Reached skill level 4 in Axes
    98 | D:1      | Reached XP level 2. HP: 13/27 MP: 1/1
   544 | D:1      | Reached skill level 5 in Axes
   558 | D:1      | Reached XP level 3. HP: 33/33 MP: 2/2
   560 | D:1      | Reached ** piety under Trog
  1049 | D:2      | Noticed Natasha
  1056 | D:2      | Killed Natasha
  1126 | D:2      | Noticed Natasha
  1132 | D:2      | Killed Natasha
  1132 | D:2      | Reached skill level 6 in Axes
  1132 | D:2      | Reached XP level 4. HP: 33/40 MP: 3/3
  1508 | D:2      | Noticed Natasha
  1520 | D:2      | Killed Natasha
  1520 | D:2      | Reached XP level 5. HP: 15/46 MP: 4/4
  1725 | D:3      | Reached skill level 7 in Axes
  2133 | D:3      | Reached *** piety under Trog
  2368 | D:4      | Found a glowing drain.
  2372 | D:4      | Reached skill level 8 in Axes
  2382 | D:4      | Reached XP level 6. HP: 22/52 MP: 5/5
  2390 | Sewer    | Entered a sewer
  2417 | Sewer    | Noticed Purgy
  2432 | Sewer    | Killed Purgy
  2555 | D:4      | Reached skill level 9 in Axes
  2648 | D:4      | Reached XP level 7. HP: 41/58 MP: 6/6
  2745 | D:4      | Found an ancient bone altar of Kikubaaqudgha.
  2873 | D:4      | Found a snail-covered altar of Cheibriados.
  2919 | D:5      | Entered Level 5 of the Dungeon
  2997 | D:5      | Reached skill level 10 in Axes
  3115 | D:5      | Found a white marble altar of Elyvilon.
  3192 | D:5      | Reached skill level 11 in Axes
  3342 | D:5      | Reached **** piety under Trog
  3409 | D:5      | Found a sacrificial altar of Ru.
  3517 | D:5      | Found a sparkling altar of Nemelex Xobeh.
  3666 | D:6      | Found a hide-covered altar of Uskayaw.
  3705 | D:6      | Reached XP level 8. HP: 65/66 MP: 7/7
  3876 | D:6      | Reached skill level 12 in Axes
  3906 | D:6      | Found a staircase to the Ecumenical Temple.
  4186 | D:7      | Reached skill level 13 in Axes
  4416 | D:7      | Reached XP level 9. HP: 8/71 MP: 8/8
  4782 | D:8      | Noticed Grum
  4800 | D:8      | Reached skill level 14 in Axes
  4806 | D:8      | Killed Grum
  4830 | D:8      | Found a sparkling altar of Nemelex Xobeh.
  4833 | D:8      | Found a blossoming altar of Fedhas.
  4840 | D:8      | Reached skill level 5 in Armour
  4948 | D:8      | Found an iron altar of Okawaru.
  5009 | D:8      | Reached ***** piety under Trog
  5046 | D:8      | Noticed Prince Ribbit
  5062 | D:8      | Killed Prince Ribbit
  5167 | D:8      | Reached skill level 15 in Axes
  5173 | D:8      | Reached XP level 10. HP: 46/78 MP: 9/9
  5200 | D:8      | Noticed a two-headed hydra
  5217 | D:8      | HP: 3/117 [ten-headed hydra (12)]
  5217 | D:8      | Slain by a ten-headed hydra

Skill      XL: |  1  2  3  4  5  6  7  8  9 |
---------------+----------------------------+-----
Axes           | 4 5 6 8 9 11 13 15 | 15.3
Armour         | 3 7 |  7.0
Fighting       | |  3.7
Dodging        | |  2.2

Action                   |  1- 3 |  4- 6 |  7- 9 | 10-12 || total
-------------------------+-------+-------+-------+-------++-------
Melee: Hand axe          |    75 |   167 |   270 |    16 ||   528
       Headbutt          |    15 |    26 |    54 |     6 ||   101
Invok: Berserk           |       |     1 |     3 |     1 ||     5
  Use: Scroll            |       |     4 |     9 |       ||    13
  Eat: Chunk             |     1 |     6 |    10 |     1 ||    18
Armor: Animal skin       |    13 |    12 |       |       ||    25
       Scale mail        |       |    55 |    87 |     9 ||   151
Dodge: Dodged            |    57 |    94 |   124 |     9 ||   284
